 Dungeon Crawl Stone Soup version 0.32-a0-616-g9348d4545b (webtiles) character file.

Game seed: 13137573583158824430

1050 javelincjr the Trooper (level 8, -19/93 HPs)
             Began as a Demonspawn Warper on Mar 5, 2024.
             Was a Priest of Beogh.
             Demolished by Brandogh the orc apostle
             ... wielding a +5 great mace of protection
              (27 damage)
             ... on level 5 of the Dungeon.
             The game lasted 00:15:56 (4480 turns).

javelincjr the Trooper (Demonspawn Warper)          Turns: 4480, Time: 00:15:57

Health: -19/93     AC: 13    Str: 13    XL:     8   Next: 5%
Magic:  11/13      EV:  7    Int: 14    God:    Beogh [***...]
Gold:   242        SH:  4    Dex: 15    Spells: 9/13 levels left

rFire   . . .        a - +0 spear
rCold   . . .        B - orb {*Rage}
rNeg    + . .        H - +2 chain mail of Youthful Indiscretion {Rampage Dex+2 Slay+3}
rPois   .            (no helmet)
rElec   .            (no cloak)
rCorr   .            G - +1 pair of gloves
SInv    .            (no boots)
Will    +....        (no amulet) Stlth
                     o - ring of positive energy
HPRegen 0.35/turn    J - ring of wizardry
MPRegen 0.13/turn

%: random rage (20%), rampage, wizardry (x1)
@: berserking, enlightened, flying, wreathed by umbra, very quick
A: claws 2, hooves 1, condensation shield, foul shadow 2
a: Renounce Religion, Smiting


You were on level 5 of the Dungeon.
You worshipped Beogh.
Beogh was most pleased with you.
You visited 1 branch of the dungeon, and saw 5 of its levels.

You collected 242 gold pieces.

Inventory:

Hand Weapons
 a - a +0 spear (weapon)
 e - a +0 sling
 g - a +2 dagger of pain
Missiles
 d - 7 darts of dispersal
 m - 3 throwing nets
Armour
 b - a +0 leather armour
 k - a +2 leather armour of cold resistance
 s - a +0 chain mail
 y - a +0 buckler
 B - an orb of wrath (worn)
 G - a +1 pair of gloves (worn)
 H - the +2 chain mail of Youthful Indiscretion (worn) {Rampage Dex+2 Slay+3}
   (You found it on level 4 of the Dungeon)

   Dex+2:     It affects your dexterity (+2).
   Slay+3:    It affects your accuracy & damage with ranged weapons and melee
   (+3).
   Rampage:   It bestows one free step when moving towards enemies.
Jewellery
 o - a ring of positive energy (left hand)
 J - a ring of wizardry (right hand)
Wands
 z - a wand of polymorph (11)
Scrolls
 c - 3 scrolls of blinking
 f - 3 scrolls of fear {unknown}
 i - 3 scrolls of identify
 q - 3 scrolls of vulnerability {unknown}
 r - 4 scrolls of immolation {unknown}
 t - 4 scrolls of teleportation {unknown}
 u - a scroll of torment {unknown}
 v - a scroll of enchant weapon {unknown}
 x - a scroll of poison {unknown}
 A - a scroll of silence {unknown}
 F - 3 scrolls of enchant armour {unknown}
Potions
 j - a potion of curing
 n - a potion of brilliance {unknown}
 p - 2 potions of enlightenment
 w - a potion of haste {unknown}
 D - 2 potions of attraction
 E - 2 potions of ambrosia {unknown}
 I - a potion of magic {unknown}


   Skills:
 * Level 5.0 Fighting
 + Level 3.5 Polearms
 - Level 1.0 Throwing
 + Level 2.9 Armour
 + Level 3.2 Dodging
 + Level 3.4 Spellcasting
 + Level 4.0 Translocations
 + Level 3.0 Invocations
 + Level 2.1 Evocations


You had 9 spell levels left.
You knew the following spells:

 Your Spells              Type           Power      Damage    Failure   Level
a - Blink                 Tloc           26%        N/A       41%         2
b - Lesser Beckoning      Tloc           26%        N/A       41%         2

Your spell library contained the following spells:

 Spells                   Type           Power      Damage    Failure   Level
 Teleport Other           Tloc           13%        N/A       65%         3
 Momentum Strike          Conj/Tloc      16%        3d8       69%         2
 Magic Dart               Conj           8%         1d3       82%         1
 Slow                     Hex            8%         N/A       82%         1
 Call Imp                 Summ           4%         N/A       91%         2
 Static Discharge         Conj/Air       4%         3-4/arc   91%         2
 Manifold Assault         Tloc           13%        N/A       95%         4
 Confusing Touch          Hex            2%         N/A       99%         3
 Sigil of Binding         Hex            2%         N/A       99%         3
 Vampiric Draining        Necr           2%         2d6       99%         3
 Vhi's Electric Charge    Tloc/Air       16%        N/A       99%         4
 Airstrike                Air            1%         2d(1-17)  100%        4
 Olgreb's Toxic Radiance  Alch           2%         N/A       100%        4
 Summon Lightning Spire   Summ/Air       2%         N/A       100%        4
 Ozocubu's Refrigeration  Ice            1%         4d7       100%        7
 Discord                  Hex            1%         N/A       100%        8


Dungeon Overview and Level Annotations

Branches:
Dungeon (5/15)
 Temple: D:4-7

Altars:
Wu Jian
Beogh

Shops:
D:2 (   D:5 [

Annotations:
D:5 Sigmund


Innate Abilities, Weirdness & Mutations

Your facial features look somewhat orcish.
You have very sharp fingernails.
You have large cloven feet.
A meltable shield of frost defends you. (SH +4)
You are shadowed, sometimes releasing foul flame when damaged in melee.


Message History

Confirm with . or Enter, or press ? or * to list all spells.
You blink.
As you read the scroll labelled QEOTWOUTUXT, it crumbles to dust.
It is a scroll of identify.
D - 2 potions of attraction Brandogh grimaces.
Throw: dart (poison)
Press: ? - help, Q - select action, (/) - cycle Shift-Dir - straight line, f/p - Brandogh
Aim: Brandogh the orc apostle, wielding a +5 great mace of protection and wearing the +5 plate armour of the Big Bang {rElec Int-3 Slay+2 Stlth+} (moderately wounded, very poisoned, empowered by the touch of Beogh, 62% to hit)
You throw a poisoned dart. The poisoned dart hits Brandogh.
Brandogh looks as sick as possible!
Brandogh is moderately wounded.
It was a potion of berserk rage.
A red film seems to cover your vision as you go berserk!
You feel yourself moving faster!
You feel mighty!
You are too berserk!
Reach: a) +0 spear
Press: ? - help, Dir - move target, f/p - Brandogh
Aim: Brandogh the orc apostle, wielding a +5 great mace of protection and wearing the +5 plate armour of the Big Bang {rElec Int-3 Slay+2 Stlth+} (moderately wounded, extremely poisoned, empowered by the touch of Beogh, umbra, about 33% to evade your +0 spear)
You reach to attack!
You closely miss Brandogh.
Brandogh is moderately wounded.
Reach: a) +0 spear
Press: ? - help, Dir - move target, f/p - Brandogh
Aim: Brandogh the orc apostle, wielding a +5 great mace of protection and wearing the +5 plate armour of the Big Bang {rElec Int-3 Slay+2 Stlth+} (moderately wounded, extremely poisoned, empowered by the touch of Beogh, umbra, about 33% to evade your +0 spear)
You reach to attack!
You hit Brandogh.
Brandogh is moderately wounded.
You feel ready to blink again.
You hit Brandogh but do no damage. You kick Brandogh, but do no damage.
Brandogh is moderately wounded.
Brandogh hits you with a +5 great mace of protection!!
* * * LOW HITPOINT WARNING * * *
Brandogh is seared by the foul flame within you.
Brandogh is moderately wounded.
You closely miss Brandogh. You kick Brandogh.
Brandogh is moderately wounded.
You hit Brandogh but do no damage.
Brandogh is moderately wounded.
Brandogh hits you with a +5 great mace of protection!!
You die...
Beogh appreciates Brandogh's killing of a heretic priest.

#...≈.......#''#......≈≈.....
#.#.≈÷..##......(.##...≈.##.
#..÷≈..####......####..≈.#
##..≈[## +......'..##.≈.#
##.≈.## +....(.'..##.≈.#
#.≈..####).....####..≈)#§.
#.≈...##........##...≈....≈.
#.≈≈......#o'#.....≈≈≈....≈.
#.≈≈≈....##@!##...≈≈......≈.
#...≈....##[.##...≈.......§§
##..≈.....####....≈.......§≈
##)≈≈(....##.....≈.........
#..≈≈(([.......≈≈.........
##..≈≈≈≈≈≈≈≈≈≈≈≈........
#..)..............###. ####
##..÷########.....#
#..♣♣♣♣♣♣♣♣♣.# ######


You could see Brandogh the orc apostle (very poisoned, divinely empowered).

Vanquished Creatures
  A black bear (D:5)
  An ogre (D:4)
  2 gnoll sergeants (D:5)
  7 hounds
  A gnoll bouda (D:5)
  3 iguanas
  2 orc wizards
  24 gnolls
  6 adders
  2 ribbon worms
  2 dart slugs
  8 ball pythons
  14 endoplasms
  4 giant cockroaches
  3 goblins
  4 hobgoblins
  2 jackals (D:5)
  5 quokkas
  7 bats
  4 frilled lizards
  8 kobolds
  A rat (D:1)
111 creatures vanquished.

Vanquished Creatures (others)
  A ball python (D:4)
1 creature vanquished.

Grand Total: 112 creatures vanquished

Notes
Turn   | Place    | Note
-------+----------+-------------------------------------------
     0 | D:1      | javelincjr the Demonspawn Warper began the quest for the
                  | Orb.
     0 | D:1      | Reached XP level 1. HP: 16/16 MP: 3/3
    65 | D:1      | Reached skill level 1 in Armour
   104 | D:1      | Reached skill level 1 in Throwing
   215 | D:1      | Gained mutation: You are faintly shadowed, very rarely
                  | releasing foul flame when damaged in melee. [demonic
                  | ancestry]
   215 | D:1      | Reached XP level 2. HP: 22/22 MP: 5/5
   507 | D:2      | Gained mutation: You are shadowed, sometimes releasing foul
                  | flame when damaged in melee. [demonic ancestry]
   507 | D:2      | Reached XP level 3. HP: 24/28 MP: 6/6
   711 | D:1      | Discovered your monstrous ancestry.
   711 | D:1      | Gained mutation: You have sharp fingernails. [demonic
                  | ancestry]
   711 | D:1      | Reached XP level 4. HP: 13/34 MP: 7/7
   802 | D:1      | Reached skill level 3 in Fighting
  1327 | D:2      | Found a faded altar of an unknown god.
  1333 | D:2      | Prayed at the altar of an unknown god.
  1333 | D:2      | Became a worshipper of Beogh the Shepherd
  1333 | D:2      | Reached * piety under Beogh
  1458 | D:2      | Found Hiwkiace's Weapon Emporium.
  1498 | D:2      | Gained mutation: A meltable shield of frost defends you.
                  | (SH +4) [demonic ancestry]
  1498 | D:2      | Reached XP level 5. HP: 36/41 MP: 8/8
  2019 | D:3      | Learned a level 2 spell: Blink
  2022 | D:3      | Learned a level 2 spell: Lesser Beckoning
  2890 | D:4      | Gained mutation: You have very sharp fingernails. [demonic
                  | ancestry]
  2890 | D:4      | Reached XP level 6. HP: 36/48 MP: 8/10
  2974 | D:4      | Reached skill level 1 in Invocations
  3007 | D:4      | Reached ** piety under Beogh
  3090 | D:4      | Reached skill level 4 in Fighting
  3090 | D:4      | Reached skill level 1 in Evocations
  3093 | D:4      | Identified the +2 chain mail of Youthful Indiscretion
                  | {Rampage Dex+2 Slay+3}
  3594 | D:5      | Entered Level 5 of the Dungeon
  3708 | D:5      | Found Etagi's Armour Emporium.
  3749 | D:5      | Reached XP level 7. HP: 54/54 MP: 11/11
  3830 | D:5      | Found an ornate altar of the Wu Jian Council.
  4220 | D:5      | Noticed Sigmund
  4355 | D:5      | Gained mutation: You have large cloven feet. [demonic
                  | ancestry]
  4355 | D:5      | Reached XP level 8. HP: 61/61 MP: 13/13
  4431 | D:5      | Reached skill level 5 in Fighting
  4447 | D:5      | Reached *** piety under Beogh
  4455 | D:5      | Identified the +5 plate armour of the Big Bang {rElec Int-3
                  | Slay+2 Stlth+}
  4455 | D:5      | Noticed Brandogh
  4480 | D:5      | Demolished by Brandogh the orc apostle

Illustrated notes

Levels and vault maps discovered:
D:1:      wander_arrival_abandoned_jail, layout_rooms
D:2:      layout_rooms, serial_shops, nicolae_shop_back_alley_shop,
          hellmonk_ecumenical_altar_inner_sanctum, st_stairs_13
D:3:      layout_basic, minmay_circle_x
D:4:      layout_basic
D:5:      layout_cave_pods, mainiacjoe_overflow_paths,
          mainiacjoe_overflow_brackets, serial_shops,
          nicolae_shop_back_alley_shop, serial_gnoll_camp, gnoll_camp_mini_shop,
          gnoll_camp_huts_moat, gnoll_camp_mini_house, gnoll_camp_mini_shop,
          chequers_serial_rivers_micro_e, glass_columns_a, uniq_sigmund

Skill      XL: |  1  2  3  4  5  6  7  8 |
---------------+-------------------------+-----
Armour         | 1 2 |  2.9
Throwing       | 1 |  1.0
Polearms       | 2 3 |  3.5
Dodging        | 2 3 |  3.2
Translocations | 3 4 |  4.0
Fighting       | 3 4 5 |  5.0
Invocations    | 2 3 |  3.0
Evocations     | 1 2 |  2.1
Spellcasting   | 3 |  3.4

Action                     |  1- 3 |  4- 6 |  7- 9 || total
---------------------------+-------+-------+-------++-------
  Melee: Spear             |    87 |   288 |   153 ||   528
         Kick              |       |       |     8 ||     8
  Throw: Dart              |       |     1 |    18 ||    19
   Cast: Blink             |       |       |     2 ||     2
    Use: Potion            |       |       |     3 ||     3
         Scroll            |       |       |     2 ||     2
   Stab: Sleeping          |     2 |     1 |       ||     3
 Armour: Leather armour    |    29 |   119 |       ||   148
         Chain mail        |       |    42 |   110 ||   152
  Dodge: Dodged            |    49 |   169 |    53 ||   271
  Block: Other             |       |     4 |       ||     4

Table legend: (Time is in decaauts)
 A = Elapsed time spent in this place.
 B = Non-inter-level travel time spent in this place.
 C = Inter-level travel time spent in this place.
 D = Time resting spent in this place.
 E = Time spent auto-exploring this place.
 F = Levels seen in this place.
 G = Mean time per level.
                   A        B        C        D        E       F      G
               +--------+--------+--------+--------+--------+-----+--------+
         Total |   4609 |   4415 |    194 |    480 |   2724 |   5 |  921.8 |
       Dungeon |   4609 |   4415 |    194 |    480 |   2724 |   5 |  921.8 |
               +--------+--------+--------+--------+--------+-----+--------+

Top non-repeatable levels by time:
     D:3: 1117 daAuts
     D:4: 934 daAuts
     D:5: 914 daAuts
     D:1: 878 daAuts
     D:2: 764 daAuts
